 Dungeon Sprint DCSS version 0.29-a0-284-gf9362112df (webtiles) character file.

Game seed: 3018403274626012729

10658 mhtbhm the Phalangite (level 11, 0/123 HPs)
             Began as a Minotaur Berserker on Mar 26, 2022.
             Was the Champion of Trog.
             Succumbed to poison (dark miasma)
             ... in the Dungeon (Sprint III: "The Ten Rune Challenge").
             The game lasted 00:04:13 (2571 turns).

mhtbhm the Phalangite (Minotaur Berserker)          Turns: 2571, Time: 00:04:14

Health: 0/123      AC: 15    Str: 26    XL:     11   Next: 39%
Magic:  10/10      EV: 12    Int:  4    God:    Trog [******]
Gold:   1361       SH:  0    Dex: 10    Spells: 10/10 levels left

rFire   . . .      SeeInvis .   a - +6 glaive (vorpal)
rCold   . . .      Faith    .   (shield currently unavailable)
rNeg    . . .      Spirit   .   b - +0 chain mail
rPois   .          Reflect  .   (helmet restricted)
rElec   .          Harm     .   (no cloak)
rCorr   .          Rampage  +   q - +0 pair of gloves
Will    .....      NoTele   +   s - +2 pair of boots {rampage}
Stlth   ..........              (no amulet)
HPRegen 0.30/turn               (no ring)
MPRegen 0.12/turn               (no ring)

@: lethally poisoned (0 -> -47), on berserk cooldown, slowed, very slow
A: horns 2, retaliatory headbutt, mutation resistance 1
a: Renounce Religion, Berserk, Trog's Hand, Brothers in Arms


You were in the Dungeon.
You worshipped Trog.
Trog was exalted by your worship.
You visited 1 branch You collected 1488 gold pieces.
You spent 127 gold pieces at shops.

Inventory:

Hand Weapons
 a - a +6 vorpal glaive (weapon)
 d - a +3 vampiric demon trident
Missiles
 t - 5 javelins (quivered)
Armour
 b - a +0 chain mail (worn)
 q - a +0 pair of gloves (worn)
 s - a +2 pair of boots of rampaging (worn)
Wands
 p - a wand of iceblast (11)
Scrolls
 h - a scroll of blinking
 i - 2 scrolls of holy word {unknown}
 k - a scroll of vulnerability {unknown}
 m - a scroll of torment {unknown}
 n - a scroll of immolation {unknown}
Potions
 c - 2 potions of curing
 e - a potion of haste
 f - 2 potions of magic
 g - 2 potions of berserk rage
 j - 2 potions of attraction {unknown}
 l - 2 potions of flight {unknown}
 o - 5 potions of mutation
Miscellaneous
 r - a piece from Xom's chessboard (15/15)


   Skills:
 + Level 19.4 Fighting
 + Level 21.6 Polearms
 + Level 8.0 Armour
 + Level 11.6 Dodging
 + Level 7.1 Stealth
 + Level 1.8 Evocations


You had 10 spell levels left.
You didn't know any spells.
Your spell library was empty.

Dungeon Overview and Level Annotations

Branches:
Dungeon (1/1)

Altars:
Cheibriados
Dithmenos
Elyvilon
Fedhas
Gozag
Hepliaklqana
Kikubaaqudgha
Makhleb
Nemelex Xobeh
Okawaru
Qazlal
Ru
Sif Muna
Trog
Uskayaw
Vehumet
Wu Jian
Xom
Yredelemnul
Zin
The Shining One
Beogh
Jiyva
Lugonu

Shops:
D [


Innate Abilities, Weirdness & Mutations

You have a pair of horns on your head.
You reflexively headbutt those who attack you in melee.
You are somewhat resistant to further mutation.


Message History

The death drake bites you.
Unknown command.
You closely miss the death drake.
The death drake is almost dead.
You are engulfed in dark miasma.
You are more poisoned.
You feel as though you will be slow longer.
You feel extremely sick. The death drake breathes miasma at you.
The foul vapour engulfs you but does no damage.
You slice the death drake!!
You feel the power of Trog in you as your rage grows.
You kill the death drake!
Trog accepts your kill. Trog grants you a weapon!
Something appears at your feet!
You see here a +1 antimagic halberd.
You are engulfed in dark miasma.
You are lethally poisoned!
You feel extremely sick.
Your Armour skill increases to level 8!
Your Stealth skill increases to level 7!
Unknown command.
Unknown command.
Really walk into that cloud of foul pestilence?
Okay, then.
Unknown command.
* * * LOW HITPOINT WARNING * * *
You feel extremely sick.
Unknown command.
Unknown command.
You feel a strong urge to attack something.
* * * LOW HITPOINT WARNING * * *
You feel extremely sick.
Unknown command.
* * * LOW HITPOINT WARNING * * *
You feel extremely sick.
You see here a death drake corpse.
You feel your anger nearly subside.
You are no longer berserk.
You are exhausted.
You feel as though you will be slow longer.
You die...

#..♣♣ ♣♣♣##+#
###'♣♣♣♣♣♣♣♣♣♣♣♣♣♣♣
♣♣♣♣.##..##≈≈≈≈≈≈..#
♣.†)##†##.#≈≈≈≈≈...#
♣♣.##.##†##'≈≈≈≈≈####
♣..#.##..†#≈≈...○°°/
♣♣.##.##.[#≈..+####
♣♣†##.#####...#
♣.....##@†)...#
########+######


There were no monsters in sight!

Vanquished Creatures
  Erolcha (D)
  2 hydras (D)
  2 deep elf knights (D)
  Urug (D)
  A death drake (D)
  A lindwurm (D)
  A deep elf zephyrmancer (D)
  2 deep elf pyromancers (D)
  2 cane toads (D)
  A komodo dragon (D)
  3 wandering mushrooms (D)
  2 tyrant leeches (D)
  A shadow (D)
  5 redbacks (D)
  A spatial vortex (D)
  3 orc warriors (D)
  5 two-headed ogres (D)
  A water elemental (D)
  A necrophage (D)
  An electric eel (D)
  A jelly (D)
  An orc priest (D)
  A wizard (D)
  Jessica (D)
  A necromancer (D)
  4 orc wizards (D)
  3 humans (D)
  A kobold demonologist (D)
  A phantom (D)
  10 orcs (D)
  2 endoplasms (D)
  A rat (D)
64 creatures vanquished.

Vanquished Creatures (collateral kills)
  A deep elf zephyrmancer (D)
1 creature vanquished.

Vanquished Creatures (others)
  2 plants (D)
2 creatures vanquished.

Grand Total: 67 creatures vanquished

Notes
Turn   | Place    | Note
-------+----------+-------------------------------------------
     0 | D        | mhtbhm the Minotaur Berserker began the quest for the Orb.
     0 | D        | Reached XP level 1. HP: 19/19 MP: 0/0
    10 | D        | Reached skill level 4 in Polearms
    26 | D        | Noticed Jessica
    29 | D        | Killed Jessica
    29 | D        | Reached ** piety under Trog
    30 | D        | Reached skill level 5 in Fighting
    30 | D        | Reached skill level 5 in Polearms
    30 | D        | Reached XP level 2. HP: 30/30 MP: 1/1
    30 | D        | Reached XP level 3. HP: 37/37 MP: 2/2
    61 | D        | Reached skill level 6 in Polearms
   140 | D        | Gained mutation: You are somewhat resistant to further
                  | mutation. [potion of mutation]
   141 | D        | Noticed a water elemental
   146 | D        | Killed a water elemental
   146 | D        | Reached *** piety under Trog
   147 | D        | Reached skill level 8 in Polearms
   147 | D        | Reached XP level 4. HP: 47/47 MP: 3/3
   224 | D        | Found a basalt altar of Yredelemnul.
   224 | D        | Found a shadowy altar of Dithmenos.
   224 | D        | Found a sacrificial altar of Ru.
   224 | D        | Noticed a necrophage
   230 | D        | Killed a necrophage
   231 | D        | Reached skill level 9 in Polearms
   231 | D        | Reached XP level 5. HP: 42/56 MP: 4/4
   405 | D        | Found a radiant altar of Vehumet.
   405 | D        | Found a shimmering blue altar of Sif Muna.
   405 | D        | Found an ancient bone altar of Kikubaaqudgha.
   412 | D        | Reached **** piety under Trog
   413 | D        | Reached skill level 10 in Polearms
   418 | D        | Reached skill level 5 in Armour
   496 | D        | Found a glowing silver altar of Zin.
   496 | D        | Found a glowing golden altar of the Shining One.
   496 | D        | Found a white marble altar of Elyvilon.
   497 | D        | Noticed a deep elf pyromancer
   502 | D        | Killed a deep elf pyromancer
   503 | D        | Reached skill level 12 in Polearms
   503 | D        | Reached skill level 1 in Stealth
   503 | D        | Reached XP level 6. HP: 68/68 MP: 5/5
   503 | D        | Reached XP level 7. HP: 74/74 MP: 6/6
   551 | D        | Found a hide-covered altar of Uskayaw.
   551 | D        | Found an iron altar of Okawaru.
   551 | D        | Found a bloodstained altar of Trog.
   551 | D        | Found an ornate altar of the Wu Jian Council.
   551 | D        | Noticed a human
   551 | D        | Noticed a human
   555 | D        | Killed a human
   556 | D        | Reached skill level 13 in Polearms
   562 | D        | Killed a human
   635 | D        | Reached ***** piety under Trog
   639 | D        | Noticed a shadow
   658 | D        | Killed a shadow
   658 | D        | Received a gift from Trog
   659 | D        | Reached skill level 14 in Polearms
   659 | D        | Reached XP level 8. HP: 33/85 MP: 7/7
   874 | D        | Found a blossoming altar of Fedhas.
   874 | D        | Found a stormy altar of Qazlal.
   874 | D        | Found a snail-covered altar of Cheibriados.
   874 | D        | Found a burning altar of Makhleb.
   874 | D        | Found a shimmering altar of Xom.
   884 | D        | Found a hazy altar of Hepliaklqana.
   884 | D        | Found an opulent altar of Gozag.
   884 | D        | Found a sparkling altar of Nemelex Xobeh.
   884 | D        | Found a corrupted altar of Lugonu.
   884 | D        | Found a viscous altar of Jiyva.
   915 | D        | Reached skill level 15 in Polearms
  1045 | D        | Noticed a two-headed ogre
  1063 | D        | Killed a two-headed ogre
  1083 | D        | Noticed a two-headed ogre
  1083 | D        | Noticed Erolcha
  1087 | D        | Killed Erolcha
  1088 | D        | Reached skill level 16 in Polearms
  1088 | D        | Reached XP level 9. HP: 96/96 MP: 8/8
  1089 | D        | Killed a two-headed ogre
  1089 | D        | Received a gift from Trog
  1090 | D        | Reached skill level 15 in Fighting
  1090 | D        | Reached skill level 17 in Polearms
  1191 | D        | Noticed a wandering mushroom
  1195 | D        | Noticed a wandering mushroom
  1200 | D        | Killed a wandering mushroom
  1201 | D        | Noticed a wandering mushroom
  1206 | D        | Killed a wandering mushroom
  1211 | D        | Killed a wandering mushroom
  1252 | D        | Found Baklum's Antique Armour Boutique.
  1254 | D        | Reached ****** piety under Trog
  1254 | D        | Received a gift from Trog
  1258 | D        | Reached skill level 18 in Polearms
  1268 | D        | Reached XP level 10. HP: 107/107 MP: 9/9
  1269 | D        | Received a gift from Trog
  1346 | D        | Bought a pair of glowing boots for 127 gold pieces
  1389 | D        | Noticed a deep elf pyromancer
  1389 | D        | Noticed a deep elf zephyrmancer
  1389 | D        | Noticed a deep elf knight
  1389 | D        | Noticed a deep elf knight
  1389 | D        | Noticed a deep elf zephyrmancer
  1402 | D        | Killed a deep elf knight
  1403 | D        | Reached skill level 10 in Dodging
  1412 | D        | Killed a deep elf knight
  1413 | D        | Reached skill level 19 in Polearms
  1413 | D        | Killed a deep elf zephyrmancer
  1413 | D        | Received a gift from Trog
  1414 | D        | Killed a deep elf pyromancer
  1416 | D        | Noticed a deep elf demonologist
  1425 | D        | Killed a deep elf zephyrmancer
  1426 | D        | Reached skill level 20 in Polearms
  1426 | D        | Reached skill level 5 in Stealth
  1426 | D        | Reached skill level 1 in Evocations
  1784 | D        | Noticed a cane toad
  1784 | D        | Noticed a cane toad
  1792 | D        | Killed a cane toad
  1801 | D        | Killed a cane toad
  2274 | D        | Received a gift from Trog
  2288 | D        | Noticed a lindwurm
  2291 | D        | Killed a lindwurm
  2292 | D        | Reached XP level 11. HP: 121/121 MP: 10/10
  2301 | D        | Noticed Urug
  2305 | D        | Killed Urug
  2306 | D        | Reached skill level 21 in Polearms
  2483 | D        | Noticed a five-headed hydra
  2483 | D        | Noticed a seven-headed hydra
  2491 | D        | Killed a nine-headed hydra
  2495 | D        | Killed a nine-headed hydra
  2558 | D        | Noticed a death drake
  2567 | D        | Killed a death drake
  2567 | D        | Received a gift from Trog
  2571 | D        | Succumbed to poison (dark miasma)

Illustrated notes

Levels and vault maps discovered:
D:        dungeon_sprint_mu [sprint_mu_entry_cave, sprint_mu_temple_rooms,
          sprint_mu_d1_spiders, sprint_mu_d2_genie, sprint_mu_d3_branching,
          sprint_mu_orc_legion, sprint_mu_elf_gauntlet, sprint_mu_hive_nellie,
          sprint_mu_lair_fedhas, sprint_mu_vaults_butterflies,
          sprint_mu_slime_circle, sprint_mu_swamp_cave, sprint_mu_snake_twists,
          sprint_mu_blade_basic, sprint_mu_crypt_chambers,
          sprint_mu_tomb_spiral, sprint_mu_vestibule_basic,
          sprint_mu_gehenna_hellfire, sprint_mu_dis_giant,
          sprint_mu_tartarus_statrot, sprint_mu_cocytus_islands, sprint_mu_zot1]

Skill      XL: |  1  2  3  4  5  6  7  8  9 10 11 |
---------------+----------------------------------+-----
Fighting       | 5 7 8 11 12 14 16 18 19 | 19.4
Polearms       | 5 8 9 12 14 16 18 20 21 | 21.6
Armour         | 3 4 6 7 8 |  8.0
Dodging        | 3 4 6 7 8 9 11 | 11.6
Stealth        | 1 2 3 5 7 |  7.1
Evocations     | 1 |  1.8

Action                   |  1- 3 |  4- 6 |  7- 9 | 10-12 || total
-------------------------+-------+-------+-------+-------++-------
Melee: Spear             |    23 |    28 |    31 |       ||    82
       Headbutt          |     4 |     1 |    17 |    11 ||    33
       Halberd           |       |       |    49 |     6 ||    55
       Glaive            |       |       |       |    72 ||    72
Invok: Berserk           |     2 |     2 |     4 |     3 ||    11
       Brothers in Arms  |       |       |       |     1 ||     1
Evoke: Wand              |       |       |     2 |       ||     2
  Use: Potion            |     1 |       |       |     1 ||     2
 Stab: Sleeping          |       |       |     1 |     6 ||     7
Armor: Animal skin       |       |       |     2 |     2 ||     4
       Chain mail        |       |       |       |     3 ||     3
Dodge: Dodged            |     7 |     5 |    13 |    14 ||    39

Table legend: (Time is in decaauts)
 A = Elapsed time spent in this place.
 B = Non-inter-level travel time spent in this place.
 C = Inter-level travel time spent in this place.
 D = Time resting spent in this place.
 E = Time spent auto-exploring this place.
 F = Levels seen in this place.
 G = Mean time per level.
                   A        B        C        D        E       F      G
               +--------+--------+--------+--------+--------+-----+--------+
         Total |   2599 |   2599 |      0 |   1910 |     44 |   1 | 2599.0 |
       Dungeon |   2599 |   2599 |      0 |   1910 |     44 |   1 | 2599.0 |
               +--------+--------+--------+--------+--------+-----+--------+

Top non-repeatable levels by time:
       D: 2599 daAuts
